 Dungeon Crawl Stone Soup version 0.32-a0-18-g89e19f1974 (webtiles) character file.

Game seed: 10066087908598343488

10422 Hellonello the Black Belt (level 11, -22/99 HPs)
             Began as a Red Draconian Shapeshifter on Jan 16, 2024.
             Was a Priest of Qazlal.
             Killed from afar by a ynoxinul (30 damage)
             ... with an iron shot
             ... on level 3 of the Abyss.
             The game lasted 00:21:25 (7836 turns).

Hellonello the Black Belt (DrSh)                    Turns: 7836, Time: 00:21:25

Health: -22/99     AC:  7    Str: 16    XL:     11   Next: 36%
Magic:  11/11      EV: 19    Int: 10    God:    Qazlal [***...]
Gold:   288        SH:  4    Dex: 16    Spells: 10/10 levels left

rFire   + .          .
                       - Unarmed
rCold   + . .        (no shield)
rNeg    . . .        (body armour unavailable)
rPois   .            (helmet currently unavailable)
rElec   .            (cloak currently unavailable)
rCorr   .            (gloves currently unavailable)
SInv    .            (boots currently unavailable)
Will    .....        e - amulet of regeneration
Stlth   +            p - +5 ring of evasion
HPRegen 1.16/turn    x - ring of protection from cold
MPRegen 0.12/turn

%: no passive effects
@: beast-form, hasted, very quick
A: beast (slay +1), breathe fire, AC +7, unfitting armour, fire resistance 1,
cold-blooded
a: Breathe Fire, Begin Untransformation, Renounce Religion, Upheaval, Elemental
Force


You were on level 3 of the Abyss.
You worshipped Qazlal.
Qazlal was most pleased with you.
You were a hulking beast.
You visited 2 branches of the dungeon, and saw 12 of its levels.
You visited the Abyss 1 time.

You collected 368 gold pieces.
You spent 80 gold pieces at shops.

Inventory:

Armour
 f - a +1 pair of gloves
 n - a scarf of harm
 w - a +0 pair of boots
Jewellery
 e - an amulet of regeneration (around neck)
 h - a +6 ring of intelligence
 i - a ring of resist corrosion
 p - a +5 ring of evasion (left hand)
 s - an amulet of magic regeneration
 x - a ring of protection from cold (right hand)
 D - an amulet of the acrobat
 E - a ring of poison resistance
 G - a ring of ice
 I - a ring of positive energy
 J - a ring of protection from cold
Talismans
 b - a beast talisman
 c - a flux talisman
 j - a serpent talisman
 H - a maw talisman
Wands
 g - a wand of digging (15)
 k - a wand of iceblast (7)
 t - a wand of flame (62)
Scrolls
 o - 2 scrolls of enchant weapon
 r - 2 scrolls of fear
 y - 3 scrolls of enchant armour
 z - 2 scrolls of revelation
 A - a scroll of immolation
 C - a scroll of vulnerability
 F - 2 scrolls of amnesia
Potions
 a - 4 potions of lignification
 d - 4 potions of degeneration
 l - a potion of enlightenment
 u - 3 potions of ambrosia
 v - a potion of brilliance
 B - 3 potions of invisibility {unknown}
 L - a potion of haste


   Skills:
 + Level 9.7 Fighting
 - Level 5.0 Dodging
 - Level 15.0 Unarmed Combat
 - Level 3.0 Shapeshifting


You had 10 spell levels left.
You didn't know any spells.
Your spell library contained the following spells:

 Spells                   Type           Power      Damage    Failure   Level
 Kiss of Death            Conj/Necr      0%         2d5       36%         1
 Slow                     Hex            0%         N/A       36%         1
 Blink                    Tloc           0%         N/A       50%         2
 Ensorcelled Hibernation  Hex/Ice        0%         N/A       50%         2
 Lesser Beckoning         Tloc           0%         N/A       50%         2
 Momentum Strike          Conj/Tloc      0%         3d8       50%         2
 Confusing Touch          Hex            0%         N/A       75%         3
 Fugue of the Fallen      Necr           0%         N/A       75%         3
 Sigil of Binding         Hex            0%         N/A       75%         3
 Stone Arrow              Conj/Erth      0%         3d7       75%         3
 Vampiric Draining        Necr           0%         2d6       75%         3
 Anguish                  Hex/Necr       0%         N/A       98%         4
 Dispel Undead            Necr           0%         3d6       98%         4
 Vhi's Electric Charge    Tloc/Air       0%         N/A       98%         4
 Arcjolt                  Conj/Air       0%         1d10      100%        5
 Plasma Beam              Fire/Air       0%         2x1d10    100%        6
 Lehudib's Crystal Spear  Conj/Erth      0%         10d2      100%        8
 Animate Armour           Summ/Erth      Unusable   N/A       N/A         4

Dungeon Overview and Level Annotations

Branches:
Dungeon (11/15)            Temple (1/1) D:5
   Lair: D:8-11         Orc: D:9-12

Altars:
Ashenzari
Cheibriados
Dithmenos
Elyvilon
Fedhas
Gozag
Hepliaklqana
Kikubaaqudgha
Makhleb
Nemelex Xobeh
Okawaru
Qazlal
Ru
Sif Muna
Trog
Uskayaw
Vehumet
Wu Jian
Xom
Yredelemnul
Zin
The Shining One

Shops:
D:4 !   D:6 *   D:11 ((

Annotations:
D:8 exclusion: obsidian statue
D:9 1 runed translucent door, avangion's ghost, novice DECj
D:11 Sonja


Innate Abilities, Weirdness & Mutations

You are a hulking beast.
Your limbs bulge with bestial killing power. (Slay +1)
You can breathe blasts of fire.
Your fiery red scales are hard. (AC +7)
You cannot fit into any form of body armour.
Your flesh is heat resistant. (rF+)
You are cold-blooded and may be slowed by cold attacks.


Message History

* * * LOW HITPOINT WARNING * * *
You hold your ground!
You block something's attack.
You feel better.
The thrashing horror closely misses you.
The thrashing horror tramples you.
* * * LOW HITPOINT WARNING * * *
You hold your ground!
The thrashing horror completely misses you.
The thrashing horror tramples you.
* * * LOW HITPOINT WARNING * * *
You hold your ground!
The thrashing horror is engulfed in blazing flames.
The thrashing horror barely misses you.
The thrashing horror tramples you but does no damage.
The thrashing horror is engulfed in blazing flames.
A small abomination comes into view.
The abyss shimmers again as the detected abyssal rune vanishes from your memory.
You hear a chilling moan.
The thrashing horror tramples you.
* * * LOW HITPOINT WARNING * * *
You stumble backwards!
A weeping skull and a ynoxinul come into view.
The ynoxinul bellows!
You hear a shout!
The thrashing horror misses you. x2
The ynoxinul gestures at you. The iron shot misses you.
Found a gateway leading deeper into the Abyss.
The thrashing horror attacks as it pursues you!
You block the thrashing horror's attack.
The thrashing horror misses you.
The thrashing horror attacks as it pursues you!
The thrashing horror tramples you but does no damage.
The thrashing horror closely misses you.
The thrashing horror completely misses you. x2
The thrashing horror barely misses you. The thrashing horror tramples you.
* * * LOW HITPOINT WARNING * * *
You hold your ground!
The ynoxinul gestures at you. The iron shot hits you!!
You die...

.. #..## # ...#..
.### .
#...#.#####x..#.#
.>.##..#........
...#...#..# #
#.#.#..# ..#
#hX#.#...#
#..X.○####
##3.#z# ..####.○
#.. #z.. #.##
§.#. #.# ... ..#
... #.


You could see 2 thrashing horrors, a ynoxinul, a weeping skull and a small
abomination.

Vanquished Creatures
  Fannar (D:10)
  Erica (D:11)
  2 two-headed ogres (D:10)
  The ghost of Quroapsa the Nimble, a novice MfGl of Dithmenos (D:11)
  Pikel (D:7)
  Maggie (D:10)
  A kobold demonologist (D:10)
  Psyche (D:8)
  2 hornets
  2 wraiths
  A shadow (D:11)
  14 yaks
  2 wyverns
  Grum (D:11)
  A steam dragon (D:9)
  A small abomination (Abyss:3)
  3 acid dragons
  2 black bears
  An orc warrior (D:10)
  3 wolves (D:10)
  5 centaurs
  4 lemures (D:7)
  A phantom (D:6)
  4 bullfrogs (D:7)
  Blork the orc (D:6)
  A gnoll sergeant (D:9)
  7 killer bees
  2 electric eels (D:8)
  2 howler monkeys (D:10)
  3 jellies
  A bombardier beetle (D:4)
  A hound (D:5)
  A gnoll bouda (D:10)
  2 orc priests
  An iguana (D:5)
  3 orc wizards
  10 gnolls
  8 adders
  4 white imps
  A dart slug (D:4)
  29 orcs
  4 ball pythons
  5 endoplasms
  3 giant cockroaches (D:1)
  5 goblins
  9 hobgoblins
  12 jackals
  4 quokkas
  5 bats
  4 frilled lizards
  7 kobolds
  7 rats
198 creatures vanquished.

Notes
Turn   | Place    | Note
-------+----------+-------------------------------------------
     0 | D:1      | Hellonello the Draconian Shapeshifter began the quest for
                  | the Orb.
     0 | D:1      | Reached XP level 1. HP: 16/16 MP: 1/1
   116 | D:1      | Reached XP level 2. HP: 21/23 MP: 2/2
   216 | D:1      | Found a faded altar of an unknown god.
   304 | D:1      | Reached XP level 3. HP: 29/29 MP: 3/3
  1016 | D:2      | Reached XP level 4. HP: 37/37 MP: 4/4
  1551 | D:3      | HP: 1/37 [white imp/puff of frost (10)]
  2022 | D:4      | Found Ropryh Feyrgh's Distillery.
  2031 | D:4      | Bought a potion of enlightenment for 50 gold pieces
  2031 | D:4      | Bought a potion of curing for 30 gold pieces
  2051 | D:4      | Reached skill level 4 in Unarmed Combat
  2160 | D:4      | Reached XP level 5. HP: 45/45 MP: 5/5
  2472 | D:5      | Entered Level 5 of the Dungeon
  2499 | D:5      | Found a staircase to the Ecumenical Temple.
  2540 | Temple   | Entered the Ecumenical Temple
  2546 | Temple   | Became a worshipper of Qazlal Stormbringer
  2579 | D:5      | Found a shimmering blue altar of Sif Muna.
  2769 | D:5      | Noticed a centaur
  2779 | D:5      | Reached XP level 6. HP: 50/52 MP: 6/6
  2883 | D:5      | Found a white marble altar of Elyvilon.
  2884 | D:5      | Found a hazy altar of Hepliaklqana.
  2885 | D:5      | Found an iron altar of Okawaru.
  3059 | D:5      | Found a burning altar of Makhleb.
  3222 | D:6      | Reached skill level 5 in Unarmed Combat
  3363 | D:6      | Your scales start taking on a fiery red colour.
  3363 | D:6      | Reached XP level 7. HP: 51/60 MP: 7/7
  3363 | D:6      | Gained mutation: Your flesh is heat resistant. (rF+) [Red
                  | Draconian growth]
  3459 | D:6      | Reached skill level 5 in Fighting
  3663 | D:6      | Noticed Blork the orc
  3674 | D:6      | Killed Blork the orc
  3757 | D:6      | Found Itep's Fire Supplies.
  4032 | D:7      | Reached skill level 5 in Dodging
  4032 | D:7      | Reached skill level 6 in Unarmed Combat
  4039 | D:7      | Reached * piety under Qazlal
  4100 | D:7      | Reached skill level 7 in Unarmed Combat
  4100 | D:7      | Reached XP level 8. HP: 36/68 MP: 8/8
  4178 | D:7      | Noticed Pikel
  4359 | D:7      | Killed Pikel
  4360 | D:7      | Reached skill level 9 in Unarmed Combat
  4675 | D:8      | Reached skill level 10 in Unarmed Combat
  4676 | D:8      | Reached XP level 9. HP: 65/74 MP: 9/9
  4763 | D:8      | Noticed Psyche
  4782 | D:8      | Killed Psyche
  5631 | D:8      | Reached skill level 11 in Unarmed Combat
  5850 | D:8      | Noticed an obsidian statue
  5966 | D:9      | Found a hide-covered altar of Uskayaw.
  5966 | D:9      | Found a faded altar of an unknown god.
  5973 | D:9      | Found a snail-covered altar of Cheibriados.
  5981 | D:9      | Found an ornate altar of the Wu Jian Council.
  5985 | D:9      | Reached ** piety under Qazlal
  5986 | D:9      | Found a faded altar of an unknown god.
  6066 | D:9      | Found a runed translucent door.
  6235 | D:9      | Noticed avangion's ghost (novice DECj)
  6252 | D:9      | Reached skill level 12 in Unarmed Combat
  6314 | D:9      | Found a radiant altar of Vehumet.
  6691 | D:10     | Entered Level 10 of the Dungeon
  6706 | D:10     | Reached XP level 10. HP: 81/81 MP: 10/10
  6716 | D:10     | Reached skill level 13 in Unarmed Combat
  6791 | D:10     | Noticed a sixfirhy
  6876 | D:10     | Noticed Maggie
  6884 | D:10     | Killed Maggie
  6986 | D:10     | Noticed Fannar
  7003 | D:10     | Killed Fannar
  7004 | D:10     | Reached skill level 14 in Unarmed Combat
  7197 | D:10     | Reached skill level 15 in Unarmed Combat
  7380 | D:11     | Found Suacwo Copp's Weapon Emporium.
  7387 | D:11     | Found Niymemuuhy's Weapon Emporium.
  7413 | D:11     | Noticed Grum
  7427 | D:11     | Noticed a two-headed ogre
  7486 | D:10     | Killed a two-headed ogre
  7486 | D:10     | Reached *** piety under Qazlal
  7511 | D:11     | Killed Grum
  7512 | D:11     | Reached XP level 11. HP: 92/92 MP: 11/11
  7601 | D:11     | Found a runed translucent door.
  7604 | D:11     | Noticed Quroapsa's ghost (novice MfGl)
  7618 | D:11     | Killed Quroapsa's ghost
  7630 | D:11     | Noticed Erica
  7649 | D:11     | Killed Erica
  7730 | D:11     | Noticed Sonja
  7739 | D:11     | Noticed an occultist
  7741 | D:11     | Noticed a two-headed ogre
  7782 | D:10     | Killed a two-headed ogre
  7787 | Abyss:3  | Cast into level 3 of the Abyss (an occultist)
  7788 | Abyss:3  | Noticed a thrashing horror
  7791 | Abyss:3  | Noticed a thrashing horror
  7799 | Abyss:3  | Found a corrupted altar of Lugonu.
  7827 | Abyss:3  | HP: 2/99 [something (11)]
  7836 | Abyss:3  | Killed from afar by a ynoxinul

Illustrated notes

Levels and vault maps discovered:
D:1:      lightli_arrival_isolated_outpost, layout_rooms, basic_ecumenical_altar
D:2:      layout_loops_ring, serial_forest, infiniplex_forest_end_1,
          infiniplex_forest_lined_2, infiniplex_forest_clump_diagonal,
          infiniplex_forest_zigzag_1, infiniplex_forest_clump_small,
          infiniplex_forest_lined_room_3
D:3:      layout_loops_corners, st_stairs_1, nicolae_twisty_statue_hallways
D:4:      layout_rooms, serial_shops, shop, minmay_close_crescents
D:5:      layout_cave_pools, mainiacjoe_overflow_alcove_4, minitemple,
          kennysheep_orc_sif_temple, minmay_temple_entry_glass,
          chequers_serial_rivers_micro_e, grunt_decor_cap
D:6:      layout_loops_cross, nicolae_shop_fire_sale [nicolae_sub_dead_trees],
          uniq_blork_the_orc
D:7:      layout_rooms, minmay_between, uniq_pikel
D:8:      statuecave_lemuel, layout_basic, uniq_psyche
D:9:      layout_loops_cross, lemuel_tele_altar,
          chequers_temple_overflow_minitemple, ebering_ghost_reflecting_pool
D:10:     layout_long_grid, st_stairs_3, uniq_fannar, uniq_maggie
D:11:     layout_long_grid, lair_entry_dummy, hellmonk_ghost_happy_afterlife,
          nicolae_trove_entry_crossroad, serial_shops, nicolae_shop_tiny_glass,
          shop, shop, shop, uniq_grum, uniq_erica, uniq_sonja
Temple:   nicolae_temple_ecumenical_triangle
Abyss:3:  base: D:4, spicy_pingpong_abyss_rune,
          hangedman_abyss_or_decor_jellyfish_corner

Skill      XL: |  1  2  3  4  5  6  7  8  9 10 11 |
---------------+----------------------------------+-----
Dodging        | 2 3 4 5 |  5.0
Fighting       | 2 3 4 5 7 9 |  9.7
Unarmed Combat | 4 5 7 10 12 15 | 15.0
Shapeshifting  | |  3.0

Action                     |  1- 3 |  4- 6 |  7- 9 | 10-12 || total
---------------------------+-------+-------+-------+-------++-------
  Melee: Unarmed           |   108 |   178 |   280 |   173 ||   739
         Punch             |     5 |    10 |    13 |    15 ||    43
         Tailslap          |     5 |    24 |    31 |    23 ||    83
  Evoke: Wand              |       |       |     3 |     2 ||     5
    Use: Scroll            |     1 |     8 |     6 |     3 ||    18
         Potion            |       |     2 |     1 |     6 ||     9
   Stab: Sleeping          |     1 |     3 |       |       ||     4
 Armour: Skin              |    53 |   108 |   124 |   119 ||   404
  Dodge: Dodged            |    66 |   108 |   224 |   211 ||   609
  Block: Other             |       |       |     9 |    36 ||    45

Table legend: (Time is in decaauts)
 A = Elapsed time spent in this place.
 B = Non-inter-level travel time spent in this place.
 C = Inter-level travel time spent in this place.
 D = Time resting spent in this place.
 E = Time spent auto-exploring this place.
 F = Levels seen in this place.
 G = Mean time per level.
                   A        B        C        D        E       F      G
               +--------+--------+--------+--------+--------+-----+--------+
         Total |   7745 |   7487 |    258 |    560 |   5271 |  13 |  595.8 |
       Dungeon |   7691 |   7433 |    258 |    560 |   5271 |  11 |  699.2 |
        Temple |     11 |     11 |      0 |      0 |      0 |   1 |   11.0 |
         Abyss |     42 |     42 |      0 |      0 |      0 |   1 |   42.0 |
               +--------+--------+--------+--------+--------+-----+--------+

Top non-repeatable levels by time:
     D:8: 1236 daAuts
     D:3: 883 daAuts
     D:6: 798 daAuts
     D:9: 765 daAuts
    D:10: 754 daAuts
     D:5: 709 daAuts
     D:7: 646 daAuts
     D:2: 588 daAuts
     D:1: 543 daAuts
     D:4: 455 daAuts
    D:11: 310 daAuts
 Abyss:3: 42 daAuts
  Temple: 11 daAuts
